 Dungeon Crawl Stone Soup version 0.31-a0-150-g89dc3ad700 (webtiles) character file.

Game seed: 662027998732217697

35 qw the Shooter (level 3, 0/22 HPs)
             Began as a Gargoyle Hunter on June 8, 2023.
             Slain by a gnoll
             ... wielding a +2 whip of electrocution
              (3 damage)
             ... on level 2 of the Dungeon.
             The game lasted 00:00:22 (1185 turns).

qw the Shooter (Gargoyle Hunter)                    Turns: 1185, Time: 00:00:23

Health: 0/22       AC:  7    Str: 14    XL:     3   Next: 35%
Magic:  3/3        EV: 11    Int:  9    God:
Gold:   19         SH:  0    Dex: 15    Spells: 2/2 levels left

rFire   . . .        Y - +0 shortbow
rCold   . . .        (shield currently unavailable)
rNeg    + . .        c - +0 leather armour
rPois   inf          f - +0 helmet
rElec   +            (no cloak)
rCorr   .            (no gloves)
SInv    .            (no boots)
Will    .....        (no amulet)
Stlth   ++           (no ring)
HPRegen 0.23/turn    (no ring)
MPRegen 0.08/turn

%: no passive effects
@: no status effects
A: sickness immunity, AC +3, negative energy resistance 1, electricity
resistance, torment resistance 1, petrification resistance
a: no special abilities


You were on level 2 of the Dungeon.
You visited 1 branch of the dungeon, and saw 2 of its levels.

You collected 19 gold pieces.


Innate Abilities, Weirdness & Mutations

You are immune to sickness and miasma.
Your stone body is resilient. (AC +3)
You are immune to poison.
You resist negative energy. (rN+)
You are resistant to electric shocks. (rElec)
You are resistant to unholy torment.
You are immune to petrification.


   Skills:
 + Level 2.4 Fighting
 - Level 5.0 Ranged Weapons
 - Level 1.5 Dodging
 - Level 1.1 Stealth


You had 2 spell levels left.
You didn't know any spells.
Your spell library was empty.

Inventory:

Hand Weapons
 Y - a +0 shortbow (weapon)
Armour
 c - a +0 leather armour (worn)
 f - a +0 helmet (worn)
Scrolls
 a - 3 scrolls of magic mapping {unknown}
Potions
 b - a potion of brilliance {unknown}

Dungeon Overview and Level Annotations

Branches:
Dungeon (2/15)

Altars:


Message History

The gnoll throws a throwing net.
The throwing net hits you.
You become entangled in the net!
The gnoll hits you with a +0 club.
Enter note:
Enter note:
Enter note: You struggle against the net.
A hobgoblin comes into view.
A gnoll comes into view. It is wielding a +0 spear.
The gnoll hits you with a +0 club.
You struggle against the net.
A gnoll comes into view. It is wielding a +0 whip.
The gnoll barely misses you. The gnoll hits you but does no damage.
You struggle against the net.
A gnoll comes into view. It is wielding a +0 club.
The gnoll hits you but does no damage. x2
You shred the net and break free!
A gnoll comes into view. It is wielding a +0 halberd.
The gnoll barely misses you. The gnoll completely misses you.
The gnoll hits you but does no damage.
You shoot an arrow. The gnoll shouts!
The arrow hits the gnoll.
The gnoll is moderately wounded.
The gnoll hits you from afar with a +0 spear.
The gnoll barely misses you. The gnoll closely misses you.
The hobgoblin misses you. The gnoll hits you with a +0 club.
The gnoll misses you.
The gnoll hits you with a +2 whip of electrocution.
1184 ||| Stepping ~*~*~tactically~*~*~ (outnumbered).
The gnoll attacks as you move away! The gnoll hits you but does no damage.
The hobgoblin closely misses you.
Enter note:
Enter note:
Enter note: You shoot an arrow.
The arrow hits the gnoll.
The gnoll is severely wounded.
The hobgoblin hits you. The gnoll hits you with a +0 spear!
The gnoll hits you with a +0 club.
The gnoll hits you with a +2 whip of electrocution.
You die... .. ... . .. #... g#.# #.... .#...# #..... .g#gg ..#.. #.#.# #.#.# #.g.#...# #ggg#

#.#@#.#
..#g..#..
..#...#...#.#
..#.#.# #..#
# ##. .. #.#
# ### .# . #.


You could see 7 gnolls and a hobgoblin.

Vanquished Creatures
  A gnoll (D:1)
  A dart slug (D:1)
  2 ball pythons (D:1)
  3 bats (D:1)
  2 giant cockroaches (D:1)
  2 goblins (D:1)
  A quokka (D:1)
  4 frilled lizards
  4 kobolds
  3 rats
23 creatures vanquished.

Notes
Turn   | Place    | Note
-------+----------+-------------------------------------------
     0 | D:1      | qw the Gargoyle Hunter began the quest for the Orb.
     0 | D:1      | Reached XP level 1. HP: 12/12 MP: 1/1
     0 | D:1      | 0 ||| qw: Version: 0.2-a-120-gdf1a93b
     0 | D:1      | 0 ||| qw: Game counter: 2976
     0 | D:1      | 0 ||| qw: Always use a shield: true
     0 | D:1      | 0 ||| qw: God list: Okawaru
     0 | D:1      | 0 ||| qw: Allow faded altars: false
     0 | D:1      | 0 ||| qw: Do Orc after D:15 true
     0 | D:1      | 0 ||| qw: Do second Lair branch before Depths: true
     0 | D:1      | 0 ||| qw: Lair rune preference: random
     0 | D:1      | 0 ||| qw: Plans: Normal
     0 | D:1      | 0 ||| PLANNING D:1-11
   290 | D:1      | Reached XP level 2. HP: 17/17 MP: 2/2
   424 | D:1      | Reached XP level 3. HP: 21/21 MP: 3/3
   435 | D:1      | 435 ||| FLEEEEING.
   452 | D:1      | Reached skill level 5 in Ranged Weapons
   882 | D:1      | 882 ||| UPGRADING to +0 helmet.
   887 | D:1      | 887 ||| READING scroll labelled ZOSIWKOANAS.
   888 | D:1      | 888 ||| READING scroll labelled WAEBBUHANI.
   889 | D:1      | 889 ||| DROPPING scroll of butterflies.
  1031 | D:2      | Found a faded altar of an unknown god.
  1184 | D:2      | 1184 ||| Stepping ~*~*~tactically~*~*~ (outnumbered).
  1185 | D:2      | HP: 4/22 [gnoll/+0 spear (7)]
  1185 | D:2      | Slain by a gnoll

Levels and vault maps discovered:
D:1:      nagdon_arrival_zigzag_paths, layout_basic, nicolae_titane
D:2:      layout_loops_corners, basic_altar, basic_ecumenical_altar,
          serial_shops, shop, minmay_misc_feat_hallway, kennysheep_doodads,
          minmay_crystal_water, uniq_robin

Skill      XL: |  1  2  3 |
---------------+----------+-----
Ranged Weapons | 5 |  5.0
Fighting       | |  2.4
Dodging        | |  1.5
Stealth        | |  1.1

Action                     || total
---------------------------++-------
   Fire: Shortbow          ||    94
    Use: Scroll            ||     2
 Armour: Leather armour    ||    17
  Dodge: Dodged            ||    36

Table legend:
 A = Non-vault XP
 B = Vault XP
 C = Vault XP percentage of total XP
 D = Non-vault monster count
 E = Vault monster count
 F = Vault count percentage of total count
                 A         B        C        D         E       F
            +---------+---------+-------+---------+---------+-------
      Total |      51 |       0 |   0.0 |      23 |       0 |   0.0
            +---------+---------+-------+---------+---------+-------
        D:1 |      46 |       0 |   0.0 |      19 |       0 |   0.0
        D:2 |       5 |       0 |   0.0 |       4 |       0 |   0.0
            +---------+---------+-------+---------+---------+-------
